 Dungeon Sprint DCSS version 0.26-a0-663-g36e8fdb655 (webtiles) character file.

Game seed: 8941445159871978579

41318 mhtbhm the Archmage (level 13, -9/72 HPs)
             Began as a Deep Elf Earth Elementalist on Oct 12, 2020.
             Was the Champion of Vehumet.
             Mangled by Agnes
             ... wielding a +2 antimagic lajatang
              (29 damage)
             ... in the Dungeon (Sprint IX: "|||||||||||||||||||||||||||||").
             The game lasted 00:20:56 (5851 turns).

mhtbhm the Archmage (Deep Elf Earth Elementalist)   Turns: 5851, Time: 00:20:57

Health: -9/72      AC: 12    Str:  7    XL:     13   Next: 79%
Magic:  32/46      EV: 21    Int: 24    God:    Vehumet [******]
Gold:   521        SH:  0    Dex: 15    Spells: 15/66 levels left

rFire    . . .     SeeInvis .   m - +7 Spriggan's Knife {stab, EV+4 Stlth+}
rCold    + . .     Faith    .   (no shield)
rNeg     . . .     Spirit   .   c - +1 robe {rC+}
rPois    +         Reflect  .   x - +0 helmet
rElec    .         Harm     .   n - +2 cloak {rCorr}
rCorr    +         Rampage  .   o - +0 pair of gloves
MR       +....     NoTele   +   y - +0 pair of boots
Stlth    +++.......             (no amulet)
HPRegen  0.22/turn              p - +2 ring of protection
MPRegen  0.30/turn              E - ring of poison resistance

@: no status effects
A: dopey 1, robust 1, shaggy fur 1, strong 1
a: Renounce Religion


You were in the Dungeon.
You worshipped Vehumet.
Vehumet was exalted by your worship.
You visited 1 branch You collected 1920 gold pieces.
You spent 1399 gold pieces at shops.

Inventory:

Hand Weapons
 m - the +7 Spriggan's Knife (weapon) {stab, EV+4 Stlth+}
   (You found it in the Dungeon)

   It affects your evasion (+4).
   It makes you more stealthy.
 F - the +9 rapier of the Bear {vorpal, rElec rF+ rC++}
   (You found it in the Dungeon)

   It inflicts extra damage upon your enemies.
   It protects you from fire.
   It greatly protects you from cold.
   It insulates you from electricity.
Missiles
 l - 4 throwing nets (quivered)
 A - 6 curare-tipped darts
Armour
 c - a +1 robe of cold resistance (worn)
 n - a +2 cloak of preservation (worn)
 o - a +0 pair of gloves (worn)
 x - a +0 helmet (worn)
 y - a +0 pair of boots (worn)
Jewellery
 p - a +2 ring of protection (left hand)
 C - an uncursed ring of see invisible
 D - an uncursed ring of protection from cold
 E - a ring of poison resistance (right hand)
Wands
 b - a wand of random effects (12)
Scrolls
 i - 3 scrolls of blinking
 j - 5 scrolls of remove curse
 k - 2 scrolls of amnesia
 t - 2 scrolls of enchant weapon
 u - 2 scrolls of fog
 v - 2 scrolls of identify
 w - 2 scrolls of fear
 B - a scroll of enchant armour
Potions
 a - a potion of brilliance
 d - 6 potions of curing
 e - 6 potions of heal wounds
 f - a potion of haste
 g - 3 potions of magic
 h - 4 potions of berserk rage
 r - a potion of might
 s - 2 potions of stabbing


   Skills:
 - Level 1.6 Fighting
 + Level 1.4 Short Blades
 - Level 2.4 Throwing
 + Level 7.8 Dodging
 - Level 2.7 Stealth
 O Level 27 Spellcasting
 + Level 3.9 Conjurations
 + Level 8.2 Transmutations
 + Level 1.8 Fire Magic
 + Level 1.5 Air Magic
 + Level 26.1 Earth Magic
 + Level 1.2 Poison Magic
 + Level 5.3 Evocations


You had 15 spell levels left.
You knew the following spells:

 Your Spells              Type           Power        Failure   Level
a - Sandblast             Erth           ######       0%          1
b - Passwall              Tmut/Erth      #######.     0%          2
c - Stone Arrow           Conj/Erth      ######       0%          3
d - Lee's Rapid Deconstr  Erth           ########..   0%          5
e - Petrify               Tmut/Erth      #######.     0%          4
f - Bolt of Magma         Conj/Fire/Erth ######....   1%          5
g - Mephitic Cloud        Conj/Pois/Air  #####...     1%          3
h - Ignite Poison         Fire/Tmut/Pois ######..     1%          3
i - Shatter               Erth           ########..   1%          9
j - Lehudib's Crystal Sp  Conj/Erth      #######...   3%          8
k - Chain Lightning       Conj/Air       #####.....   98%         8

Your spell library contained the following spells:

 Spells                   Type           Power        Failure   Level
 Sting                    Tmut/Pois      ####         1%          1
 Poisonous Vapours        Pois/Air       #####.       1%          2
 Olgreb's Toxic Radiance  Pois           #####...     1%          4


Dungeon Overview and Level Annotations

Branches:
Dungeon (1/1)

Altars:
Cheibriados
Dithmenos
Elyvilon
Fedhas
Gozag
Hepliaklqana
Kikubaaqudgha
Makhleb
Nemelex Xobeh
Okawaru
Qazlal
Ru
Sif Muna
Trog
Uskayaw
Vehumet
Wu Jian
Xom
Yredelemnul
Zin
The Shining One
Beogh
Jiyva
Lugonu

Shops:
D [*:*

Annotations:
D Agnes


Innate Abilities, Weirdness & Mutations

You are dopey. (Int -2)
You are robust. (+10% HP)
You are covered in fur. (AC +1)
Your muscles are strong. (Str +2)


Message History

You closely miss Agnes.
Agnes is lightly wounded.
Agnes misses you.
You hit Agnes.
Agnes is lightly wounded.
Agnes hits you with a +2 antimagic lajatang!
You feel your power leaking away.
You puncture Agnes!
Agnes is lightly wounded.
Agnes closely misses you.
Agnes hits you with a +2 antimagic lajatang!!
* * * LOW HITPOINT WARNING * * *
You feel your power leaking away.
You hit Agnes but do no damage.
Agnes is lightly wounded.
Agnes misses you.
You puncture Agnes!
Agnes is moderately wounded.
Agnes hits you with a +2 antimagic lajatang!!
You die...

▓▓▓▓▓▓▓▓▓▓▓▓▓▓▓▓▓▓▓▓▓▓▓▓
......i@........†...†...
▓▓▓▓▓▓▓▓▓▓▓▓▓▓▓▓▓▓▓▓▓▓▓▓▓▓▓▓▓▓▓▓▓
.............÷'))).......)..)))!.
▓▓▓▓▓▓▓▓▓▓▓▓▓▓▓▓▓▓▓▓▓▓▓▓▓▓▓▓▓▓▓▓▓
.................................
▓▓▓▓▓▓▓▓▓▓▓▓▓▓▓▓▓▓▓▓▓▓▓▓▓▓▓▓▓▓▓▓▓
.......)'..=..)))).))).[[[[[[[[..
▓▓▓▓▓▓▓▓▓▓▓▓▓▓▓▓▓▓▓▓▓▓▓▓▓▓▓▓▓▓▓▓▓
.................................


You could see Agnes.

Vanquished Creatures
  Kirke (D)
  Donald (D)
  An emperor scorpion (D)
  An entropy weaver (D)
  A stone giant (D)
  An ice dragon (D)
  A catoblepas (D)
  A ghost crab (D)
  A hydra (D)
  A centaur warrior (D)
  An anaconda (D)
  Erica (D)
  3 death yaks (D)
  2 tengu warriors (D)
  4 orc high priests (D)
  A naga sharpshooter (D)
  A shock serpent (D)
  Sonja (D)
  A flayed ghost (D)
  2 sea snakes (D)
  A wizard (D)
  3 orb spiders (D)
  17 orc knights (D)
  A deep elf mage (D)
  2 mana vipers (D)
  An ugly thing (D)
  A salamander (D)
  3 manticores (D)
  An elephant (D)
  A merfolk siren (D)
  A black mamba (D)
  Maurice (D)
  A gargoyle (D)
  2 naga magi (D)
  5 cane toads (D)
  3 komodo dragons (D)
  A tengu conjurer (D)
  2 jumping spiders (D)
  2 merfolk (D)
  A hornet (D)
  A snapping turtle (D)
  A tarantella (D)
  6 yaks (D)
  2 wyverns (D)
  A basilisk (D)
  A naga (D)
  3 water moccasins (D)
  9 orc warriors (D)
  A swamp drake (D)
  An ogre (D)
  A wolf (D)
  2 bullfrogs (D)
  A scorpion (D)
  A howler monkey (D)
  A jelly (D)
  2 hounds (D)
  2 orc priests (D)
  3 worker ants (D)
  2 shadow imps (D)
  An adder zombie (D)
  A worm (D)
  An adder simulacrum (D)
  A leopard gecko (D)
  8 orcs (D)
  A goblin (D)
  A hobgoblin (D)
  A quokka (D)
  2 bats (D)
  A jackal zombie (D)
  A leopard gecko skeleton (D)
137 creatures vanquished.

Vanquished Creatures (others)
  A thorn hunter (D)
  A hydra (D)
  A cane toad (D)
  A tyrant leech (D)
  2 humans (D)
  A swamp drake (D)
7 creatures vanquished.

Grand Total: 144 creatures vanquished

Notes
Turn   | Place    | Note
-------+----------+-------------------------------------------
     0 | D        | mhtbhm the Deep Elf Earth Elementalist began the quest for
                  | the Orb.
     0 | D        | Reached XP level 1. HP: 10/10 MP: 6/6
   275 | D        | Noticed a hound
   276 | D        | Reached skill level 4 in Spellcasting
   276 | D        | Reached skill level 5 in Earth Magic
   276 | D        | Reached XP level 2. HP: 15/15 MP: 7/9
   303 | D        | Reached skill level 5 in Spellcasting
   303 | D        | Reached XP level 3. HP: 4/19 MP: 1/12
   395 | D        | Found a roughly hewn altar of Beogh.
   395 | D        | Found a snail-covered altar of Cheibriados.
   395 | D        | Found a shadowy altar of Dithmenos.
   395 | D        | Found a white marble altar of Elyvilon.
   395 | D        | Found a blossoming altar of Fedhas.
   395 | D        | Found an opulent altar of Gozag.
   396 | D        | Found a hazy altar of Hepliaklqana.
   397 | D        | Found a viscous altar of Jiyva.
   398 | D        | Found an ancient bone altar of Kikubaaqudgha.
   399 | D        | Found a corrupted altar of Lugonu.
   400 | D        | Found a burning altar of Makhleb.
   401 | D        | Found a sparkling altar of Nemelex Xobeh.
   402 | D        | Found an iron altar of Okawaru.
   403 | D        | Found a stormy altar of Qazlal.
   404 | D        | Found a sacrificial altar of Ru.
   405 | D        | Found a shimmering blue altar of Sif Muna.
   406 | D        | Found a bloodstained altar of Trog.
   407 | D        | Found a hide-covered altar of Uskayaw.
   408 | D        | Found a radiant altar of Vehumet.
   409 | D        | Found an ornate altar of the Wu Jian Council.
   410 | D        | Found a shimmering altar of Xom.
   411 | D        | Found a basalt altar of Yredelemnul.
   412 | D        | Found a glowing silver altar of Zin.
   413 | D        | Found a glowing golden altar of the Shining One.
   416 | D        | Became a worshipper of Vehumet
   587 | D        | Reached skill level 6 in Spellcasting
   587 | D        | Reached XP level 4. HP: 22/24 MP: 8/14
   589 | D        | Reached skill level 7 in Spellcasting
   590 | D        | Reached * piety under Vehumet
   590 | D        | Offered knowledge of Foxfire by Vehumet.
   590 | D        | Reached skill level 8 in Spellcasting
   590 | D        | Reached XP level 5. HP: 26/28 MP: 5/17
   601 | D        | Reached ** piety under Vehumet
   605 | D        | Learned a level 2 spell: Passwall
   609 | D        | Learned a level 3 spell: Stone Arrow
   615 | D        | Learned a level 5 spell: Lee's Rapid Deconstruction
   620 | D        | Learned a level 4 spell: Petrify
   697 | D        | Noticed a centaur warrior
   697 | D        | Noticed an ogre
   697 | D        | Noticed a cyan ugly thing
   700 | D        | Reached skill level 5 in Dodging
   700 | D        | Reached skill level 9 in Spellcasting
   700 | D        | Reached skill level 10 in Earth Magic
   703 | D        | Offered knowledge of Freeze by Vehumet.
   704 | D        | Killed a centaur warrior
   704 | D        | Reached skill level 14 in Spellcasting
   704 | D        | Reached skill level 1 in Evocations
   704 | D        | Reached XP level 6. HP: 25/32 MP: 3/25
   704 | D        | Reached XP level 7. HP: 29/36 MP: 3/26
   708 | D        | Killed a cyan ugly thing
   708 | D        | Reached *** piety under Vehumet
   708 | D        | Reached skill level 15 in Spellcasting
   708 | D        | Reached XP level 8. HP: 9/41 MP: 3/29
   880 | D        | Noticed Maurice
   885 | D        | Killed Maurice
   885 | D        | Offered knowledge of Searing Ray by Vehumet.
   885 | D        | Reached skill level 16 in Spellcasting
  1051 | D        | Gained mutation: You are dopey. (Int -2) [potion of
                  | mutation]
  1051 | D        | Gained mutation: You are robust. (+10% HP) [potion of
                  | mutation]
  1051 | D        | Gained mutation: Your muscles are strong. (Str +2) [potion
                  | of mutation]
  1051 | D        | Gained mutation: You are covered in fur. (AC +1) [potion of
                  | mutation]
  1072 | D        | Noticed a komodo dragon
  1072 | D        | Noticed a cane toad
  1072 | D        | Noticed a komodo dragon
  1072 | D        | Noticed a black mamba
  1076 | D        | Killed a cane toad
  1076 | D        | Offered knowledge of Hailstorm by Vehumet.
  1076 | D        | Reached **** piety under Vehumet
  1076 | D        | Reached XP level 9. HP: 31/49 MP: 17/31
  1076 | D        | Killed a komodo dragon
  1076 | D        | Reached skill level 17 in Spellcasting
  1076 | D        | Reached skill level 15 in Earth Magic
  1076 | D        | Killed a komodo dragon
  1078 | D        | Killed a black mamba
  1078 | D        | Reached ***** piety under Vehumet
  1078 | D        | Reached skill level 18 in Spellcasting
  1080 | D        | Noticed a cane toad
  1157 | D        | Killed a cane toad
  1473 | D        | Noticed a komodo dragon
  1473 | D        | Noticed an elephant
  1475 | D        | Offered knowledge of Inner Flame by Vehumet.
  1476 | D        | Killed a komodo dragon
  1476 | D        | Reached XP level 10. HP: 54/56 MP: 26/34
  1476 | D        | Reached skill level 1 in Fighting
  1476 | D        | Reached skill level 19 in Spellcasting
  1478 | D        | Killed an elephant
  1478 | D        | Noticed a cane toad
  1485 | D        | Killed a cane toad
  1485 | D        | Reached ****** piety under Vehumet
  1486 | D        | Reached skill level 20 in Spellcasting
  1626 | D        | Noticed a death yak
  1626 | D        | Noticed a catoblepas
  1626 | D        | Noticed a death yak
  1654 | D        | Noticed a death yak
  1663 | D        | Killed a catoblepas
  1663 | D        | Offered knowledge of Sticky Flame by Vehumet.
  1963 | D        | Killed a death yak
  1966 | D        | Killed a death yak
  1966 | D        | Reached skill level 21 in Spellcasting
  1966 | D        | Killed a death yak
  1966 | D        | Reached XP level 11. HP: 37/61 MP: 16/38
  1970 | D        | Offered knowledge of Spellforged Servitor by Vehumet.
  2170 | D        | Noticed Erica
  2171 | D        | Noticed Sonja
  2172 | D        | Killed Sonja
  2173 | D        | Killed Erica
  2271 | D        | Noticed an orc knight
  2291 | D        | Killed an orc knight
  2291 | D        | Reached skill level 22 in Spellcasting
  2468 | D        | Noticed an orc knight
  2474 | D        | Killed an orc knight
  2474 | D        | Offered knowledge of Bolt of Magma by Vehumet.
  2703 | D        | Learned a level 5 spell: Bolt of Magma
  2712 | D        | Noticed an orc knight
  2714 | D        | Noticed an orc knight
  2715 | D        | Offered knowledge of Irradiate by Vehumet.
  2718 | D        | Killed an orc knight
  2718 | D        | Noticed an orc knight
  2731 | D        | Killed an orc knight
  2731 | D        | Killed an orc knight
  2739 | D        | Noticed an orc knight
  2842 | D        | Killed an orc knight
  2842 | D        | Reached skill level 1 in Throwing
  2842 | D        | Reached skill level 23 in Spellcasting
  3131 | D        | Found Capucap's Armour Emporium.
  3131 | D        | Noticed an orc knight
  3131 | D        | Noticed an orc high priest
  3131 | D        | Noticed an orc high priest
  3131 | D        | Noticed an orc high priest
  3131 | D        | Noticed an orc knight
  3132 | D        | Noticed an orc knight
  3134 | D        | Killed an orc high priest
  3134 | D        | Offered knowledge of Ozocubu's Refrigeration by Vehumet.
  3138 | D        | Killed an orc knight
  3140 | D        | Killed an orc high priest
  3140 | D        | Noticed an orc knight
  3142 | D        | Killed an orc high priest
  3142 | D        | Reached skill level 24 in Spellcasting
  3144 | D        | Noticed an orc knight
  3148 | D        | Killed an orc knight
  3148 | D        | Reached XP level 12. HP: 59/67 MP: 12/42
  3472 | D        | Offered knowledge of Iskenderun's Battlesphere by Vehumet.
  3772 | D        | Found Qairocoa's Assorted Antiques.
  3775 | D        | Found Gewug's Book Emporium.
  3778 | D        | Found Figh's General Store.
  3783 | D        | Noticed an orc high priest
  3791 | D        | Killed an orc high priest
  3791 | D        | Reached skill level 25 in Spellcasting
  3905 | D        | Bought a scroll of blinking for 232 gold pieces
  3911 | D        | Bought a Young Poisoner's Handbook for 480 gold pieces
  3915 | D        | Learned a level 3 spell: Mephitic Cloud
  3917 | D        | Bought a runed cloak for 232 gold pieces
  3917 | D        | Bought a scroll of identify for 62 gold pieces
  3930 | D        | Bought a +2 cloak of preservation for 279 gold pieces
  3947 | D        | Bought a scroll of enchant armour for 90 gold pieces
  3947 | D        | Bought a scroll of identify for 24 gold pieces
  4062 | D        | Found the +7 Spriggan's Knife {stab, EV+4 Stlth+}
  4067 | D        | Got the +9 rapier of the Bear {vorpal, rElec rF+ rC++}
  4227 | D        | Learned a level 3 spell: Ignite Poison
  4229 | D        | Noticed a five-headed hydra
  4237 | D        | Offered knowledge of Freezing Cloud by Vehumet.
  4237 | D        | Killed a five-headed hydra
  4237 | D        | Reached skill level 5 in Transmutations
  4239 | D        | Noticed a tengu warrior
  4276 | D        | Killed a tengu warrior
  4396 | D        | Reached skill level 1 in Conjurations
  4482 | D        | Paralysed by a wizard for 4 turns
  4486 | D        | Reached skill level 26 in Spellcasting
  4486 | D        | Noticed an ice dragon
  4491 | D        | Killed an ice dragon
  4491 | D        | Reached skill level 1 in Fire Magic
  4614 | D        | Noticed a stone giant
  4616 | D        | Noticed a tengu warrior
  4628 | D        | Killed a stone giant
  4628 | D        | Offered knowledge of Lehudib's Crystal Spear by Vehumet.
  4628 | D        | Offered knowledge of Shatter by Vehumet.
  4628 | D        | Offered knowledge of Chain Lightning by Vehumet.
  4629 | D        | Killed a tengu warrior
  4650 | D        | Learned a level 9 spell: Shatter
  4659 | D        | Learned a level 8 spell: Lehudib's Crystal Spear
  4738 | D        | Learned a level 8 spell: Chain Lightning
  4775 | D        | Noticed Donald
  4782 | D        | Killed Donald
  4782 | D        | Reached skill level 5 in Evocations
  4782 | D        | Reached XP level 13. HP: 71/71 MP: 32/45
  4887 | D        | Reached skill level 1 in Air Magic
  4897 | D        | Reached skill level 27 in Spellcasting
  4897 | D        | Reached skill level 1 in Poison Magic
  5324 | D        | Noticed a thorn hunter
  5332 | D        | Killed a thorn hunter
  5438 | D        | Noticed an entropy weaver
  5439 | D        | Noticed an emperor scorpion
  5443 | D        | Killed an entropy weaver
  5460 | D        | Killed an emperor scorpion
  5736 | D        | Noticed Kirke
  5741 | D        | Killed Kirke
  5741 | D        | Reached skill level 1 in Short Blades
  5841 | D        | Noticed Agnes
  5851 | D        | Mangled by Agnes

Illustrated notes

Levels and vault maps discovered:
D:        linesprint [early_d, line_temple, items_1, d_10, items_2, lair_1,
          lair_end, items_3, orc_1, orc_end, items_4, d_15, swamp_1, shoals_1,
          snake_1, spider_1, d_20, vaults_1, items_5, swamp_end, shoals_end,
          snake_end, spider_end, vaults_end, d_27, items_6, zot_1, zot_end,
          crypt_end, forest_end, elf_end, slime_end, tomb_end, abyss_end,
          pan_hell_end]

Skill      XL: |  1  2  3  4  5  6  7  8  9 10 11 12 13 |
---------------+----------------------------------------+-----
Earth Magic    | 5 6 7 9 13 14 16 18 21 23 26 | 26.1
Dodging        | 3 4 5 6 7 |  7.8
Spellcasting   | 4 5 6 8 14 15 16 18 21 24 26 27 | 27.0
Evocations     | 1 2 3 4 5 |  5.3
Transmutations | 2 3 5 8 |  8.2
Fighting       | 1 |  1.6
Throwing       | 1 2 |  2.4
Conjurations   | 2 3 |  3.9
Fire Magic     | 1 |  1.8
Air Magic      | 1 |  1.5
Poison Magic   | 1 |  1.2
Short Blades   | 1 |  1.4
Stealth        | |  2.7

Action                   |  1- 3 |  4- 6 |  7- 9 | 10-12 | 13-15 || total
-------------------------+-------+-------+-------+-------+-------++-------
Melee: Unarmed           |     2 |       |       |       |       ||     2
       Quarterstaff      |       |       |       |     3 |       ||     3
       Knife             |       |       |       |     1 |    11 ||    12
Throw: Dart              |       |       |       |     4 |     3 ||     7
 Cast: Sandblast         |    19 |     8 |     3 |       |       ||    30
       Lee's Rapid Decon |       |     3 |    15 |   106 |    34 ||   158
       Petrify           |       |       |     1 |    21 |     8 ||    30
       Bolt of Magma     |       |       |       |    10 |     2 ||    12
       Stone Arrow       |       |       |       |     7 |     1 ||     8
       Mephitic Cloud    |       |       |       |     3 |     1 ||     4
       Ignite Poison     |       |       |       |     1 |       ||     1
       Lehudib's Crystal |       |       |       |       |     4 ||     4
       Shatter           |       |       |       |       |     3 ||     3
Evoke: Wand              |       |     2 |     2 |    11 |     2 ||    17
  Use: Potion            |       |       |     2 |     3 |     1 ||     6
       Scroll            |       |       |       |     1 |     2 ||     3
 Stab: Petrified         |       |       |       |     3 |       ||     3
       Sleeping          |       |       |       |     1 |     3 ||     4
Armor: Robe              |     2 |     1 |       |     4 |     4 ||    11
Dodge: Dodged            |     8 |     5 |     5 |    20 |    28 ||    66

Table legend: (Time is in decaauts)
 A = Elapsed time spent in this place.
 B = Non-inter-level travel time spent in this place.
 C = Inter-level travel time spent in this place.
 D = Time resting spent in this place.
 E = Time spent auto-exploring this place.
 F = Levels seen in this place.
 G = Mean time per level.
                   A        B        C        D        E       F      G
               +--------+--------+--------+--------+--------+-----+--------+
         Total |   5829 |   5829 |      0 |   3669 |    558 |   1 | 5829.0 |
       Dungeon |   5829 |   5829 |      0 |   3669 |    558 |   1 | 5829.0 |
               +--------+--------+--------+--------+--------+-----+--------+

Top non-repeatable levels by time:
       D: 5829 daAuts
